 Dungeon Crawl Stone Soup version 0.17-a0-1987-gaf5a542 (webtiles) character file.

4 dpvblackbelt the Stinger (level 1, -2/11 HPs)
             Began as an Octopode Venom Mage on Oct 7, 2015.
             Slain by an adder (3 damage)
             ... on level 1 of the Dungeon.
             The game lasted 00:00:41 (70 turns).

dpvblackbelt the Stinger (Octopode Venom Mage)        Turns: 70, Time: 00:00:41

Health: -2/11      AC:  1    Str:  7    XL:     1   Next: 60%
Magic:  0/3        EV: 12    Int: 17    God:
Gold:   0          SH:  0    Dex: 12    Spells: 1 memorised, 3 levels left

rFire  . . .     SeeInvis .     c - +0 mace
rCold  . . .     Clarity  .     (no shield)
rNeg   . . .     SustAt   .     (helmet restricted)
rPois  .         Gourm    .     (no amulet)
rElec  .         Spirit   .     (no ring)
rCorr  .         Warding  .     (no ring)
rMut   .         Stasis   .     (no ring)
MR     .....                    (no ring)
Stlth  +++.......               (no ring)
                                (no ring)
                                (no ring)
                                (no ring)

@: lethally poisoned (-2 -> -8), not resistant to hostile enchantments, fairly
stealthy
A: almost no armour, amphibious, 8 rings, constrict 8, camouflage 1, gelatinous
body 1
a: no special abilities


You were on level 1 of the Dungeon.
You were not hungry.

You visited 1 branch of the dungeon, and saw 1 of its levels.

Inventory:

Hand Weapons
 c - a +0 mace (weapon)
   (You found it on level 1 of the Dungeon)
Missiles
 d - a javelin (quivered)
Books
 a - a Young Poisoner's Handbook
Comestibles
 b - a bread ration {@e1}


   Skills:
 - Level 2.0 Dodging
 - Level 2.6 Stealth
 - Level 2.0 Spellcasting
 + Level 1.1 Conjurations
 - Level 4.8 Poison Magic


You had 3 spell levels left.
You knew the following spells:

 Your Spells              Type           Power        Failure   Level  Hunger
a - Sting                 Conj/Pois      ##..         10%         1    #......


Dungeon Overview and Level Annotations

Branches:
Dungeon (1/15)

Altars:


Innate Abilities, Weirdness & Mutations

You cannot wear most types of armour.
You are amphibious.
You can wear up to eight rings at the same time.
You can use your tentacles to constrict eight enemies at once.
Your skin changes colour to match your surroundings (Stealth).
Your rubbery body absorbs attacks (AC +1).


Message History

Welcome, dpvblackbelt the Octopode Venom Mage.
Will you prevail where others failed? Will you find the Orb of Zot?
Found a river rat skeleton.
Found a staircase leading out of the dungeon.
Okay, then.
As you open the door, it creaks loudly!
There is an open door here.
You see here 8 javelins.
A goblin and a kobold come into view.
There are monsters nearby!
Aim: a goblin (resting)
The sting hits the goblin.
The goblin is poisoned.
You kill the goblin!
You now have 2/3 mp.
Aim: a kobold (resting)
The sting hits the kobold.
The kobold is poisoned.
You now have 1/3 mp.
Aim: a kobold (almost dead, poisoned)
The sting hits the kobold.
The kobold appears unharmed.
You now have 0/3 mp.
You tentacle-slap the kobold but do no damage.
Your grab misses the kobold.
You kill the kobold!
You see here a kobold corpse.
c - a mace You see here a kobold corpse.
Wield which item (- for none, * to show all)? (? for menu, Esc to quit)
c - a +0 mace (weapon)
You see here 8 javelins.
d - 8 javelins You start resting.
MP restored: 3 You see here a goblin corpse.
A giant gecko and an adder come into view.
There are monsters nearby!
There are monsters nearby!
Aim: a giant gecko (clinging, resting)
You throw a javelin. The javelin hits the giant gecko.
Aim: a giant gecko (moderately wounded, clinging)
You throw a javelin.
The javelin closely misses the giant gecko.
Aim: a giant gecko (moderately wounded, clinging)
You throw a javelin.
The javelin closely misses the giant gecko.
The giant gecko bites you.
You take 2 damage, and have 9/11 hp.
Aim: a giant gecko (moderately wounded, clinging)
You throw a javelin.
The javelin closely misses the giant gecko.
The giant gecko misses you.
Aim: a giant gecko (moderately wounded, clinging)
You throw a javelin. The javelin misses the giant gecko.
The giant gecko bites you but does no damage.
The giant gecko barely misses you.
Aim: a giant gecko (moderately wounded, clinging)
You throw a javelin.
The javelin closely misses the giant gecko.
The giant gecko bites you.
You take 3 damage, and have 6/11 hp.
MASSIVE DAMAGE!!
Aim: a giant gecko (moderately wounded, clinging)
You throw a javelin.
The javelin barely misses the giant gecko.
The giant gecko barely misses you.
Aim: a giant gecko (moderately wounded, clinging)
The sting hits the giant gecko.
The giant gecko is poisoned.
You kill the giant gecko!
Your Conjurations skill increases to level 1!
You now have 2/3 mp.
Aim: an adder The sting misses the adder.
The adder bites you.
* * * LOW HITPOINT WARNING * * *
The adder closely misses you.
You take 3 damage, and have 3/11 hp.
MASSIVE DAMAGE!!
You now have 1/3 mp.
Aim: an adder The sting misses the adder.
The adder bites you.
* * * LOW HITPOINT WARNING * * *
You are lethally poisoned!
The adder poisons you!
You take 1 damage, and have 2/11 hp.
You now have 0/3 mp.
You thump the adder! Your grab misses the adder.
* * * LOW HITPOINT WARNING * * *
You feel sick. The adder barely misses you. The adder bites you.
You die...

###################
#.@..†.....†.......
#S#######.########.
#. #.######### (.
#.##§%§§§§≈ .#.
#.#§§§§§§§≈ ....
#.#§≈#≈§§≈# .. ##
#.#§§§§§§§§ ###
#.#§§≈§≈§§
#.#########


You could see an adder.

Vanquished Creatures
  A giant gecko (D:1)
  A kobold (D:1)
  A goblin (D:1)
3 creatures vanquished.

Notes
Turn   | Place    | Note
--------------------------------------------------------------
     0 | D:1      | dpvblackbelt the Octopode Venom Mage began the quest for the Orb.
     0 | D:1      | Reached XP level 1. HP: 11/11 MP: 3/3
    67 | D:1      | Reached skill level 1 in Conjurations
    69 | D:1      | HP: 2/11 [adder (1)]
    70 | D:1      | Slain by an adder

Vault maps used:
D:1:      saegor_arrival_miasma, minmay_close_crescents

Action                   || total
-------------------------++-------
Melee: Unarmed           ||     1
       Mace              ||     1
Throw: Javelin           ||     7
 Cast: Sting             ||     6

Vault maps used:
D:1:      saegor_arrival_miasma, minmay_close_crescents

Table legend:
 A = Turns spent in this place as a percentage of turns spent in the entire game.
 B = Non-inter-level travel turns spent in this place as a percentage of non-inter-level travel turns spent in the entire game.
 C = Inter-level travel turns spent in this place as a percentage of turns spent in this place.
 D = Turns resting spent in this place as a percentage of non-inter-level travel turns spent in this place.
 E = Turns spent auto-exploring this place as a percentage of non-inter-level travel turns spent in this place.
 F = Non-inter-level travel turns spent in this place divided by the number of levels of this place that you've seen.
                   A       B       C       D       E      F
               +-------+-------+-------+-------+-------+----------------------
         Total | 100.0 | 100.0 |   0.0 |   4.4 |   4.4 |  45.0
       Dungeon | 100.0 | 100.0 |   0.0 |   4.4 |   4.4 |  45.0
               +-------+-------+-------+-------+-------+----------------------

Table legend:
 A = Kills in this place as a percentage of kills in entire the game.
 B = Kills by you in this place as a percentage of kills by you in the entire game.
 C = Kills by friends in this place as a percentage of kills by friends in the entire game.
 D = Other kills in this place as a percentage of other kills in the entire game.
 E = Experience gained in this place as a percentage of experience gained in the entire game.
 F = Experience gained in this place divided by the number of levels of this place that you have seen.
                   A       B       C       D       E      F
               +-------+-------+-------+-------+-------+----------------------
         Total | 100.0 | 100.0 |  -nan |  -nan | 100.0 |   6.0
       Dungeon | 100.0 | 100.0 |  -nan |  -nan | 100.0 |   6.0
               +-------+-------+-------+-------+-------+----------------------
